 Dungeon Crawl Stone Soup version 0.30-a0-7-g94fe547ab8 (webtiles) character file.

Game seed: 11362297927219996488

57 Plasmagod the Chopper (level 4, 0/28 HPs)
             Began as a Gargoyle Fighter on Aug 23, 2022.
             Slain by Grinder (1 damage)
             ... on level 3 of the Dungeon.
             The game lasted 00:01:42 (1679 turns).

Plasmagod the Chopper (Gargoyle Fighter)            Turns: 1679, Time: 00:01:43

Health: 0/28       AC: 11    Str: 21    XL:     4   Next: 0%
Magic:  4/4        EV:  9    Int:  9    God:
Gold:   167        SH:  4    Dex:  9    Spells: 3/3 levels left

rFire   . . .      SeeInvis .    a - +0 war axe
rCold   . . .      Faith    .    c - +0 buckler
rNeg    + . .      Spirit   .    b - +0 scale mail
rPois   ∞          Reflect  .    (no helmet)
rElec   +          Harm     .    (no cloak)
rCorr   .          Rampage  .    f - +0 pair of gloves
Will    .....                    (no boots)
Stlth   ..........               (no amulet)
HPRegen 0.09/turn                (no ring)
MPRegen 0.09/turn                (no ring)

@: mighty
A: sickness immunity, AC +3, negative energy resistance 1, electricity
resistance, torment resistance 1, petrification resistance
a: no special abilities


You were on level 3 of the Dungeon.
You visited 1 branch of the dungeon, and saw 3 of its levels.

You collected 167 gold pieces.

Inventory:

Hand Weapons
 a - a +0 war axe (weapon)
Armour
 b - a +0 scale mail (worn)
 c - a +0 buckler (worn)
 f - a +0 pair of gloves (worn)
Scrolls
 g - a scroll of acquirement {unknown}
 h - a scroll of enchant weapon {unknown}
 i - a scroll of teleportation {unknown}
 k - a scroll of enchant armour {unknown}
 l - a scroll of blinking {unknown}
 m - a scroll of vulnerability {unknown}
Potions
 d - a potion of might
 e - 4 potions of curing {unknown}
 j - a potion of heal wounds {unknown}


   Skills:
 - Level 3.2 Fighting
 + Level 3.7 Axes
 - Level 3.2 Armour
 - Level 3.2 Shields


You had 3 spell levels left.
You didn't know any spells.
Your spell library contained the following spells:

 Spells                   Type           Power      Damage    Failure   Level
 Magic Dart               Conj           0%         1d3       82%         1
 Blink                    Tloc           0%         N/A       91%         2
 Ensorcelled Hibernation  Hex/Ice        0%         N/A       91%         2
 Passwall                 Tmut/Erth      0%         N/A       91%         2
 Searing Ray              Conj           0%         2d4       91%         2
 Swiftness                Air            0%         N/A       99%         3
 Fulminant Prism          Conj/Hex       0%         3d6       100%        4
 Manifold Assault         Tloc           0%         N/A       100%        5
 Storm Form               Tmut/Air       0%         N/A       100%        7


Dungeon Overview and Level Annotations

Branches:
Dungeon (3/15)

Altars:

Annotations:
D:3 Grinder


Innate Abilities, Weirdness & Mutations

You are immune to sickness and miasma.
Your stone body is resilient. (AC +3)
You are immune to poison.
You resist negative energy. (rN+)
You are resistant to electric shocks. (rElec)
You are resistant to unholy torment.
You are immune to petrification.


Message History

You have reached level 4!
You feel clever.
You feel very mighty all of a sudden. Grinder hits you.
You slash Grinder!
Grinder is moderately wounded.
Grinder says, "Just stop there for a second..."
Grinder blinks!
Grinder says, "I used to sell toenails on the black market."
Grinder gestures at you. You resist with significant effort.
Grinder gestures at you. You resist with significant effort.
You hit Grinder.
Grinder is heavily wounded.
Grinder hits you.
You closely miss Grinder.
Grinder is heavily wounded.
Grinder hits you.
You writhe in agony.
Grinder gestures at you. Pain shoots through your body!
You are too injured to fight recklessly!
You hit Grinder.
Grinder is heavily wounded.
Grinder closely misses you.
You slash Grinder!
Grinder is severely wounded.
Grinder hits you but does no damage.
You closely miss Grinder.
Grinder is severely wounded.
You block Grinder's attack.
You barely miss Grinder.
Grinder is severely wounded.
Grinder gestures at you. Pain shoots through your body!
* * * LOW HITPOINT WARNING * * *
Grinder hits you.
* * * LOW HITPOINT WARNING * * *
You writhe in agony.
You die...

##...## ##...##
#....(.....# ##...##
#..)...(...## ##...##
#.[.........## ##...#
#............#
#...###.........(...
##...##.............
#...##.....).......
##...#..@..........
#...#.5........<..
#####...#.............
......................
##..........†.........
##..................#
....................##
#####...............#
...............#..


You could see Grinder.

Vanquished Creatures
  An adder (D:3)
  A worm (D:2)
  A dart slug (D:2)
  An orc (D:3)
  3 endoplasms
  A giant cockroach (D:2)
  4 goblins
  8 hobgoblins
  2 jackals (D:1)
  2 quokkas
  4 ball pythons
  3 bats
  A frilled lizard (D:1)
  4 kobolds
  4 rats
40 creatures vanquished.

Notes
Turn   | Place    | Note
-------+----------+-------------------------------------------
     0 | D:1      | Plasmagod the Gargoyle Fighter began the quest for the Orb.
     0 | D:1      | Reached XP level 1. HP: 14/14 MP: 1/1
   415 | D:1      | Reached XP level 2. HP: 17/19 MP: 2/2
   503 | D:1      | Found a faded altar of an unknown god.
   912 | D:2      | Reached XP level 3. HP: 23/23 MP: 3/3
  1664 | D:3      | Noticed Grinder
  1669 | D:3      | Reached XP level 4. HP: 28/28 MP: 4/4
  1679 | D:3      | HP: 1/28 [Grinder (2)]
  1679 | D:3      | Slain by Grinder

Illustrated notes

Levels and vault maps discovered:
D:1:      dpeg_arrival_erosion, layout_loops_ring, basic_ecumenical_altar,
          minmay_cut_off
D:2:      layout_rooms, minmay_tromino_v2
D:3:      layout_basic, mainiacjoe_overflow_alcove_3, serial_curves,
          eino_curves_01, eino_curves_04, serial_park_tiny_2, bh_walls_and_bars,
          uniq_grinder

Skill      XL: |  1  2 |
---------------+-------+-----
Axes           | 2 3 |  3.7
Fighting       | |  3.2
Armour         | |  3.2
Shields        | |  3.2

Action                   |  1- 3 |  4- 6 || total
-------------------------+-------+-------++-------
Melee: War axe           |   136 |     7 ||   143
  Use: Potion            |       |     1 ||     1
Armor: Scale mail        |    83 |     1 ||    84
Dodge: Dodged            |    58 |     1 ||    59
Block: Buckler           |    28 |     1 ||    29

Table legend: (Time is in decaauts)
 A = Elapsed time spent in this place.
 B = Non-inter-level travel time spent in this place.
 C = Inter-level travel time spent in this place.
 D = Time resting spent in this place.
 E = Time spent auto-exploring this place.
 F = Levels seen in this place.
 G = Mean time per level.
                   A        B        C        D        E       F      G
               +--------+--------+--------+--------+--------+-----+--------+
         Total |   1734 |   1715 |     19 |      0 |   1396 |   3 |  578.0 |
       Dungeon |   1734 |   1715 |     19 |      0 |   1396 |   3 |  578.0 |
               +--------+--------+--------+--------+--------+-----+--------+

Top non-repeatable levels by time:
     D:1: 920 daAuts
     D:2: 452 daAuts
     D:3: 361 daAuts
